 Dungeon Crawl Stone Soup version 0.27.0-1-g7a089689b8 (webtiles) character file.

Game seed: 12369955004714106010

360 Malachi the Chiller (level 6, 0/50 HPs)
             Began as a Naga Ice Elementalist on Aug 13, 2021.
             Was a Follower of Cheibriados.
             Slain by Tutankhamun's ghost (2 damage)
             ... on level 4 of the Dungeon.
             The game lasted 00:10:22 (5013 turns).

Malachi the Chiller (Naga Ice Elementalist)         Turns: 5013, Time: 00:10:23

Health: 0/50       AC: 11    Str: 13    XL:     6   Next: 65%
Magic:  3/11       EV: 10    Int: 19    God:    Cheibriados [*.....]
Gold:   155        SH:  0    Dex: 13    Spells: 5/12 levels left

rFire    . . .     SeeInvis +   c - staff of cold
rCold    + . .     Faith    .   (no shield)
rNeg     . . .     Spirit   .   a - +0 robe
rPois    +         Reflect  .   (no helmet)
rElec    .         Harm     .   (no cloak)
rCorr    .         Rampage  .   (no gloves)
Will     .....                  (no barding)
Stlth    +++.......             (no amulet)
HPRegen  0.16/turn              (no ring)
MPRegen  0.12/turn              (no ring)

@: lethally poisoned (0 -> -21), ice-armoured, short of breath, attractive, very
slow
A: AC +2, large, see invisible, deformed body, poison resistance, slowness 2,
spit poison 1, naga tail 1
a: Spit Poison, Renounce Religion, Bend Time


You were on level 4 of the Dungeon.
You worshipped Cheibriados.
Cheibriados was aware of your devotion.
You visited 2 branches of the dungeon, and saw 5 of its levels.

You collected 155 gold pieces.

Inventory:

Hand Weapons
 b - a +0 short sword
Missiles
 h - 2 throwing nets
Armour
 a - a +0 robe (worn)
Magical Staves
 c - a staff of cold (weapon)
Wands
 i - a wand of paralysis (10)
Scrolls
 f - 2 scrolls of fear
 g - a scroll of teleportation {unknown}


   Skills:
 + Level 0.7 Fighting
 + Level 0.7 Short Blades
 + Level 0.7 Staves
 + Level 2.1 Dodging
 + Level 4.1 Stealth
 + Level 3.5 Spellcasting
 * Level 6.1 Ice Magic


You had 5 spell levels left.
You knew the following spells:

 Your Spells              Type           Power      Damage    Failure   Level
a - Freeze                Ice            100%       1d11      1%          1
b - Frozen Ramparts       Ice            80%        1d10      3%          3
c - Ozocubu's Armour      Ice            40%        N/A       3%          3

Your spell library contained the following spells:

 Spells                   Type           Power      Damage    Failure   Level
 Animate Skeleton         Necr           6%         N/A       14%         1
 Pain                     Necr           12%        1d4       14%         1
 Hailstorm                Conj/Ice       22%        3d7       38%         4
 Vampiric Draining        Necr           1%         2d6       41%         3


Dungeon Overview and Level Annotations

Branches:
Dungeon (4/15)             Temple (1/1) D:4

Altars:
Ashenzari
Cheibriados
Elyvilon
Fedhas
Gozag
Hepliaklqana
Kikubaaqudgha
Nemelex Xobeh
Okawaru
Qazlal
Sif Muna
Trog
Uskayaw
Vehumet
Zin
The Shining One

Shops:
D:4 =

Annotations:
D:3 1 runed translucent door, Grinder; Quickbrownfox's ghost, amateur DsIE
D:4 1 transporter, Tutankhamun's ghost, novice OpBr


Innate Abilities, Weirdness & Mutations

Your serpentine skin is tough. (AC +2)
You have supernaturally acute eyesight. (SInv)
Armour fits poorly on your strangely shaped body.
Your system is resistant to poisons. (rPois)
You cover ground very slowly.
You can spit poison.
You have a snake-like lower body.


Message History

You feel sick.
Tutankhamun's ghost hits you but does no damage.
You hit Tutankhamun's ghost. You freeze Tutankhamun's ghost.
Tutankhamun's ghost is moderately damaged.
You feel sick. Tutankhamun's ghost hits you.
* * * LOW HITPOINT WARNING * * *
You are more poisoned.
You miss Tutankhamun's ghost.
Tutankhamun's ghost is moderately damaged.
You feel sick.
Tutankhamun's ghost hits you but does no damage.
You feel better. Tutankhamun's ghost hits you.
You are poisoned.
It was a potion of attraction.
You feel attractive to monsters.
You feel sick. Tutankhamun's ghost hits you.
* * * LOW HITPOINT WARNING * * *
You are lethally poisoned!
Unknown command.
Okay, then.
Press: ? - help, Shift-Dir - straight line, f - Tutankhamun's ghost
Aim: Tutankhamun's ghost, wielding a weapon of venom (moderately damaged)
The splash of poison misses Tutankhamun's ghost.
* * * LOW HITPOINT WARNING * * *
You feel very sick. Tutankhamun's ghost hits you.
* * * LOW HITPOINT WARNING * * *
You are more poisoned.
You can't see any enemies this would affect, really read the scroll of fear? [Y]es or [N]o only, please.
You can't see any enemies this would affect, really read the scroll of fear?
Okay, then.
Unknown command.
As you read the scroll labelled NUHOAX TEPI, it crumbles to dust.
You hear a loud clanging noise!
It was a scroll of noise.
* * * LOW HITPOINT WARNING * * *
You feel very sick. Tutankhamun's ghost hits you.
You die...

#..≈≈####.....####≈≈..#
#..≈≈#..#8###8#..#≈≈..#
#..≈≈##.###.###.##≈≈..#
#..≈≈#...........#≈≈..#
#..≈≈###.##'##.###≈≈..#
#..≈≈..#.#...#.#..≈≈..#
#..≈≈.##.)...).##.≈≈..#
#..≈≈.#..#.WP#..#.≈≈..#
#..≈≈.##.##@##.##.≈≈..#
#..≈≈..#.#P)P#.#......#
#..≈≈.©#.')©.).#©.....######
#..≈≈..#.#8⌠8#.#............
#..≈≈.##.#####.##.≈≈.#......
#..≈≈.#©.# ..#.≈≈........
#..≈≈.##.#. #.##.≈≈.#......
#..≈≈..# #...# #..≈≈.#......
#..≈≈###. #'# .###≈≈........


You could see Tutankhamun's ghost.

Vanquished Creatures
  A scorpion (D:4)
  A water moccasin skeleton (D:4)
  A hound (D:4)
  A gnoll shaman (D:4)
  An orc wizard (D:4)
  An adder (D:4)
  6 gnolls (D:4)
  An ufetubus (D:4)
  2 dart slugs
  5 orcs (D:4)
  A ball python (D:1)
  10 endoplasms
  6 hobgoblins
  16 jackals
  6 kobolds
  3 quokkas
  5 bats
  2 frilled lizards (D:1)
  11 goblins
  A jackal skeleton (D:4)
  9 rats
90 creatures vanquished.

Vanquished Creatures (others)
  3 plants (D:4)
3 creatures vanquished.

Grand Total: 93 creatures vanquished

Notes
Turn   | Place    | Note
-------+----------+-------------------------------------------
     0 | D:1      | Malachi the Naga Ice Elementalist began the quest for the
                  | Orb.
     0 | D:1      | Reached XP level 1. HP: 15/15 MP: 3/3
   509 | D:1      | Reached XP level 2. HP: 16/22 MP: 0/5
  1211 | D:1      | Reached XP level 3. HP: 28/28 MP: 6/6
  2457 | D:2      | Learned a level 3 spell: Frozen Ramparts
  2629 | D:2      | Reached XP level 4. HP: 33/36 MP: 6/8
  3332 | D:3      | Found a runed translucent door.
  3332 | D:3      | Noticed Quickbrownfox's ghost (amateur DsIE)
  3349 | D:3      | Reached skill level 5 in Ice Magic
  3365 | D:3      | Found a faded altar of an unknown god.
  3572 | D:3      | Noticed Grinder
  3578 | D:3      | Paralysed by Grinder for 3 turns
  3703 | D:4      | Reached XP level 5. HP: 12/42 MP: 9/9
  3946 | D:4      | Found Nixy's Jewellery Shoppe.
  3996 | D:4      | Found a staircase to the Ecumenical Temple.
  4007 | Temple   | Entered the Ecumenical Temple
  4254 | Temple   | Became a worshipper of Cheibriados the Contemplative
  4440 | D:4      | Found an iron altar of Okawaru.
  4485 | D:4      | Reached XP level 6. HP: 32/50 MP: 6/10
  4648 | D:4      | Found a transporter.
  4656 | D:4      | Identified the +6 halberd "Ocast" {venom, rF+ Stlth+}
  4863 | D:4      | Learned a level 3 spell: Ozocubu's Armour
  4890 | D:4      | Reached * piety under Cheibriados
  4891 | D:4      | Found a transporter.
  4907 | D:4      | Noticed Tutankhamun's ghost (novice OpBr)
  4961 | D:4      | Reached skill level 6 in Ice Magic
  5013 | D:4      | HP: 2/50 [poisoned by Tutankhamun's ghost]
  5013 | D:4      | Slain by Tutankhamun's ghost

Illustrated notes

Levels and vault maps discovered:
D:1:      wander_arrival_abandoned_jail, layout_basic
D:2:      layout_loops_corners
D:3:      layout_rooms, basic_ecumenical_altar, hellmonk_ghost_happy_afterlife,
          uniq_natasha, uniq_grinder
D:4:      layout_rooms, okawaru_ov_weapons_minmay, kennysheep_mini,
          minmay_temple_entry_junction, serial_shops, shop,
          gammafunk_ghost_gnarly_gnolls
Temple:   regret_index_temple_generic_petals

Skill      XL: |  1  2  3  4  5  6 |
---------------+-------------------+-----
Ice Magic      | 5 6 |  6.1
Spellcasting   | 3 |  3.5
Stealth        | 4 |  4.1
Dodging        | 2 |  2.1
Fighting       | |  0.7
Short Blades   | |  0.7
Staves         | |  0.7

Action                   |  1- 3 |  4- 6 || total
-------------------------+-------+-------++-------
Melee: Short sword       |    37 |    12 ||    49
       Staff             |       |    40 ||    40
 Cast: Freeze            |    43 |    27 ||    70
       Frozen Ramparts   |       |     8 ||     8
       Ozocubu's Armour  |       |     1 ||     1
Invok: Bend Time         |       |     1 ||     1
 Abil: Spit Poison       |    11 |     3 ||    14
  Use: Potion            |       |     6 ||     6
       Scroll            |       |     4 ||     4
 Stab: Sleeping          |     6 |     3 ||     9
Armor: Robe              |    20 |    32 ||    52
       Skin              |       |     6 ||     6
Dodge: Dodged            |    37 |    75 ||   112
